 Dungeon Crawl Stone Soup version 0.30-a0-373-gd37427bb62 (webtiles) character file.

Game seed: 14409662100187247787

38 KennySheep the Chopper (level 3, -4/37 HPs)
             Began as an Ogre Gladiator on Nov 23, 2022.
             Slain by a gnoll
             ... wielding a +2 halberd of protection
              (9 damage)
             ... on level 2 of the Dungeon.
             The game lasted 00:02:22 (1017 turns).

KennySheep the Chopper (Ogre Gladiator)             Turns: 1017, Time: 00:02:22

Health: -4/37      AC:  3    Str: 20    XL:     3   Next: 43%
Magic:  3/3        EV:  5    Int:  9    God:
Gold:   36         SH:  0    Dex: 10    Spells: 2/2 levels left

rFire   . . .      SeeInvis .    a - +0 war axe
rCold   . . .      Faith    .    (no shield)
rNeg    . . .      Spirit   .    b - +0 robe
rPois   .          Reflect  .    c - +0 hat
rElec   .          Harm     .    (no cloak)
rCorr   .          Rampage  .    (gloves unavailable)
Will    .....                    (boots unavailable)
Stlth   +.........               (no amulet)
HPRegen 0.26/turn                (no ring)
MPRegen 0.08/turn                (no ring)

@: lethally poisoned (-4 -> -5), held
A: large, unfitting armour, tough skin 1
a: no special abilities


You were on level 2 of the Dungeon.
You visited 1 branch of the dungeon, and saw 2 of its levels.

You collected 36 gold pieces.

Inventory:

Hand Weapons
 a - a +0 war axe (weapon)
Missiles
 d - 3 throwing nets (quivered)
 e - a large rock
 f - 6 poisoned darts
 g - 8 stones
Armour
 b - a +0 robe (worn)
 c - a +0 hat (worn)
Jewellery
 k - a +6 ring of intelligence
 o - a ring of wizardry
Scrolls
 h - a scroll of identify {unknown}
 l - a scroll of silence {unknown}
 n - a scroll of noise
Potions
 i - a potion of brilliance {unknown}
 j - a potion of resistance {unknown}
 m - a potion of curing {unknown}
 p - a potion of heal wounds {unknown}


   Skills:
 + Level 3.2 Fighting
 + Level 3.3 Axes
 * Level 2.7 Throwing
 + Level 3.0 Dodging


You had 2 spell levels left.
You didn't know any spells.
Your spell library contained the following spells:

 Spells                   Type           Power      Damage    Failure   Level
 Necrotise                Necr           0%         1d4       38%         1
 Inner Flame              Hex/Fire       0%         N/A       77%         3
 Vampiric Draining        Necr           0%         2d6       77%         3
 Cause Fear               Hex            0%         N/A       99%         4
 Agony                    Necr           0%         N/A       100%        5
 Discord                  Hex            0%         N/A       100%        8


Dungeon Overview and Level Annotations

Branches:
Dungeon (2/15)

Altars:


Innate Abilities, Weirdness & Mutations

You are too large for most types of armour.
You have tough skin. (AC +1)


Message History

A gnoll comes into view. It is wielding a +0 whip.
The gnoll shouts!
You hear a shout! x3
A gnoll comes into view. It is wielding a +0 whip.
There are monsters nearby! 2 gnolls come into view.
A gnoll is wielding a +2 whip of venom.
A gnoll is wielding a +2 halberd of protection.
The gnoll shouts! x2
The gnoll throws a throwing net.
The throwing net hits you.
You become entangled in the net!
You see here a throwing net.
You tear a large gash into the net.
You struggle against the net.
You shred the net and break free! The gnoll misses you.
You hit the gnoll but do no damage. The gnoll barely misses you.
The gnoll hits you but does no damage.
You closely miss the gnoll. You hit the gnoll.
The gnoll is heavily wounded.
You hit the gnoll. The gnoll barely misses you.
The gnoll hits you with a +2 whip of venom.
You are poisoned.
You feel very sick. The gnoll hits you with a +0 whip.
You feel sick.
You feel sick.
You feel sick.
The gnoll throws a throwing net.
The throwing net hits you.
You become entangled in the net!
You see here a throwing net.
You struggle against the net.
You feel sick. The gnoll hits you but does no damage.
You struggle against the net.
You feel sick. The gnoll hits you with a +0 whip.
The gnoll hits you from afar with a +2 halberd of protection!
* * * LOW HITPOINT WARNING * * *
As you read the scroll labelled UCIASTR JINLOC, it crumbles to dust.
You hear a loud clanging noise!
It was a scroll of noise.
You feel sick. The gnoll hits you with a +0 whip.
* * * LOW HITPOINT WARNING * * *
The gnoll hits you but does no damage.
The gnoll hits you from afar with a +2 halberd of protection!
You die...

..#..<.#......####.#....#........
###.##.#..#....#.................
....##.#.<..#†.#.......).#.†.....
######.##.###..#.........#.......
#....###..#..#......#...<...
#.........#..#.####.#+######
#####.######.##....).##....#
#.....# #.####g..#......#
####.########...@g...##.....#
................gg.........#
##.#....################...#
...+....+ ....... #.##....#
#.g.... #.##....# ......
#.##....# .....# #.##....# #....
..##....# ####


You could see 4 gnolls.

Vanquished Creatures
  An adder (D:2)
  4 endoplasms
  2 giant cockroaches
  A goblin (D:2)
  2 hobgoblins (D:1)
  4 jackals (D:1)
  2 quokkas (D:1)
  2 ball pythons
  2 bats (D:1)
  3 frilled lizards (D:1)
  2 kobolds
  3 rats
28 creatures vanquished.

Notes
Turn   | Place    | Note
-------+----------+-------------------------------------------
     0 | D:1      | KennySheep the Ogre Gladiator began the quest for the Orb.
     0 | D:1      | Reached XP level 1. HP: 22/22 MP: 1/1
   131 | D:1      | Reached XP level 2. HP: 27/29 MP: 2/2
   801 | D:2      | Reached XP level 3. HP: 37/37 MP: 3/3
  1017 | D:2      | Slain by a gnoll

Illustrated notes

Levels and vault maps discovered:
D:1:      amcnicky_arrival_choice, layout_basic, st_stairs_13
D:2:      layout_basic

Skill      XL: |  1  2  3 |
---------------+----------+-----
Fighting       | 3 |  3.2
Dodging        | 3 |  3.0
Axes           | |  3.3
Throwing       | |  2.7

Action                   || total
-------------------------++-------
Melee: War axe           ||    95
  Use: Scroll            ||     1
 Stab: Sleeping          ||     1
Armor: Robe              ||    40
Dodge: Dodged            ||    51

Table legend: (Time is in decaauts)
 A = Elapsed time spent in this place.
 B = Non-inter-level travel time spent in this place.
 C = Inter-level travel time spent in this place.
 D = Time resting spent in this place.
 E = Time spent auto-exploring this place.
 F = Levels seen in this place.
 G = Mean time per level.
                   A        B        C        D        E       F      G
               +--------+--------+--------+--------+--------+-----+--------+
         Total |   1049 |    985 |     64 |      0 |    728 |   2 |  524.5 |
       Dungeon |   1049 |    985 |     64 |      0 |    728 |   2 |  524.5 |
               +--------+--------+--------+--------+--------+-----+--------+

Top non-repeatable levels by time:
     D:1: 794 daAuts
     D:2: 254 daAuts
